MLB
KANSAS CITY ROYALS @ NEW YORK YANKEES
07/23/2023
 
TOP OF THE 1ST
Kansas City Royals batting - Pitching for New York Yankees : RHP Clarke Schmidt
Pitching: RHP Clarke Schmidt
Batting: RHB Whit Merrifield 0-0: Ball
1-0: Ground out 6-3 (Groundball, 6M, EV 98.8 MPH)
Batting: RHB Dansby Swanson 0-0: Called Strike
0-1: SINGLE (Groundball, 56D, EV 100.6 MPH)
Batting: RHB Nolan Arenado 0-0: Called Strike
0-1: Ball
1-1: Ball
2-1: Called Strike
2-2: Strikes out swinging
Batting: RHB Gleyber Torres 0-0: Called Strike
0-1: Fly out, F5 (Popup, 5SF, EV 76.9 MPH)
Top of the 1st over - 0 runs, 1 hit, 0 errors, 1 left on base; Kansas City 0 - New York 0
BOTTOM OF THE 1ST
New York Yankees batting - Pitching for Kansas City Royals : LHP Chris Sale
Pitching: LHP Chris Sale
Batting: LHB Tony Kemp 0-0: Bunt for hit to 13 - play at first, batter OUT! 1-3
Batting: SHB Jorge Polanco 0-0: Ball
1-0: Ball
2-0: Foul Ball, location: 3DF
2-1: Swinging Strike
2-2: Foul Ball, location: 2F
2-2: Ball
3-2: Foul Ball, location: 2F
3-2: Strikes out swinging
Batting: LHB Charlie Blackmon 0-0: Ball
1-0: Swinging Strike
1-1: Ground out 4-3 (Groundball, 4, EV 101.3 MPH)
Bottom of the 1st over - 0 runs, 0 hits, 0 errors, 0 left on base; Kansas City 0 - New York 0
TOP OF THE 2ND
Kansas City Royals batting - Pitching for New York Yankees : RHP Clarke Schmidt
Batting: LHB Luke Raley 0-0: Foul Ball, location: 7LSF
0-1: Reached on error, E5 (Groundball, 6, EV 76.9 MPH)
Batting: LHB Jared Walsh 0-0: Called Strike
0-1: Ground out 6-3 (Groundball, 4, EV 86.9 MPH)
Luke Raley to second
Batting: RHB Sean Murphy 0-0: Called Strike
0-1: Ball
1-1: Fly out, F7 (Flyball, 7S, EV 91.9 MPH)
Batting: LHB Trent Grisham 0-0: Foul Ball, location: 3DF
0-1: Called Strike
0-2: Ball
1-2: Strikes out swinging
Top of the 2nd over - 0 runs, 0 hits, 1 error, 1 left on base; Kansas City 0 - New York 0
BOTTOM OF THE 2ND
New York Yankees batting - Pitching for Kansas City Royals : LHP Chris Sale
Batting: RHB Paul Goldschmidt 0-0: Foul Ball, location: 9LMF
0-1: Foul Ball, location: 7LSF
0-2: Fly out, F9 (Flyball, 9S, EV 92.5 MPH)
Batting: RHB DJ LeMahieu 0-0: Called Strike
0-1: SINGLE (Groundball, 4MD, EV 103.8 MPH)
Batting: LHB Garrett Stubbs 0-0: Called Strike
0-1: Foul Ball, location: 2F
0-2: Ball
1-2: Strikes out swinging
Batting: RHB Michael Helman 0-0: Ball
1-0: Foul Ball, location: 5FF
1-1: Swinging Strike
1-2: Fly out, F7 (Flyball, 7S, EV 95.0 MPH)
Bottom of the 2nd over - 0 runs, 1 hit, 0 errors, 1 left on base; Kansas City 0 - New York 0
TOP OF THE 3RD
Kansas City Royals batting - Pitching for New York Yankees : RHP Clarke Schmidt
Batting: LHB Nicky Lopez 0-0: Ball
1-0: Foul Ball, location: 7LMF
1-1: Called Strike
1-2: Ground out 5-3 (Groundball, 56S, EV 85.6 MPH)
Batting: RHB Whit Merrifield 0-0: Ball
1-0: Swinging Strike
1-1: Ball
2-1: Ball
3-1: Called Strike
3-2: Strikes out swinging
Batting: RHB Dansby Swanson 0-0: Ball
1-0: Foul Ball, location: 9LMF
1-1: Foul Ball, location: 3FF
1-2: Strikes out swinging
Top of the 3rd over - 0 runs, 0 hits, 0 errors, 0 left on base; Kansas City 0 - New York 0
BOTTOM OF THE 3RD
New York Yankees batting - Pitching for Kansas City Royals : LHP Chris Sale
Batting: RHB Eloy Jimenez 0-0: SOLO HOME RUN (Flyball, 7LD, EV 93.1 MPH), Distance : 353 ft
Batting: LHB Felix Pie 0-0: Swinging Strike
0-1: Foul Ball, location: 7LSF
0-2: Ball
1-2: Strikes out swinging
Batting: LHB Tony Kemp 0-0: Foul Ball, location: 3FF
0-1: Called Strike
0-2: Strikes out swinging
Batting: SHB Jorge Polanco 0-0: Called Strike
0-1: Ball
1-1: Swinging Strike
1-2: Hit by Pitch
Batting: LHB Charlie Blackmon 0-0: Ball
1-0: Ball
2-0: Foul Ball, location: 7LSF
2-1: Ground out U3 (Groundball, 3L, EV 100.6 MPH)
Bottom of the 3rd over - 1 run, 1 hit, 0 errors, 1 left on base; Kansas City 0 - New York 1
TOP OF THE 4TH
Kansas City Royals batting - Pitching for New York Yankees : RHP Clarke Schmidt
Batting: RHB Nolan Arenado 0-0: Ball
1-0: Ball
2-0: Ball
3-0: Base on Balls
Batting: RHB Gleyber Torres 0-0: Called Strike
0-1: Swinging Strike
0-2: Strikes out swinging
Batting: LHB Luke Raley 0-0: Foul Ball, location: 2F
0-1: Swinging Strike
0-2: Ball
1-2: Ball
2-2: Foul Ball, location: 2F
2-2: Foul Ball, location: 2F
2-2: Fly out, F8 (Line Drive, 8RM, EV 93.8 MPH)
Batting: LHB Jared Walsh 0-0: Foul Ball, location: 7LSF
0-1: Foul Ball, location: 5SF
0-2: Foul Ball, location: 7LDF
0-2: Ball
1-2: Ball
2-2: Strikes out swinging, 2-3 out at first.
Top of the 4th over - 0 runs, 0 hits, 0 errors, 1 left on base; Kansas City 0 - New York 1
BOTTOM OF THE 4TH
New York Yankees batting - Pitching for Kansas City Royals : LHP Chris Sale
Batting: RHB Paul Goldschmidt 0-0: Foul Ball, location: 7LDF
0-1: Ball
1-1: Ball
2-1: Ball
3-1: Base on Balls
Batting: RHB DJ LeMahieu 0-0: Called Strike
0-1: Ball
1-1: Ball
2-1: Ball
3-1: Called Strike
3-2: Foul Ball, location: 23F
3-2: Fly out, F9 (Flyball, 9, EV 96.3 MPH)
Batting: LHB Garrett Stubbs 0-0: Swinging Strike
0-1: Swinging Strike
0-2: Foul Ball, location: 2F
0-2: Ball
1-2: Strikes out swinging
Batting: RHB Michael Helman 0-0: Called Strike
0-1: Ball
1-1: Ball
2-1: Ball
3-1: Foul Ball, location: 23FF
3-2: Ground out 1-3 (Groundball, 13S, EV 70.0 MPH)
Bottom of the 4th over - 0 runs, 0 hits, 0 errors, 1 left on base; Kansas City 0 - New York 1
TOP OF THE 5TH
Kansas City Royals batting - Pitching for New York Yankees : RHP Clarke Schmidt
Batting: RHB Sean Murphy 0-0: Ball
1-0: Ball
2-0: Foul Ball, location: 2F
2-1: Ball
3-1: Swinging Strike
3-2: Foul Ball, location: 9LMF
3-2: Fly out, F8 (Flyball, 8RD, EV 97.5 MPH)
Batting: LHB Trent Grisham 0-0: Ball
1-0: Ground out U3 (Groundball, 3L, EV 90.6 MPH)
Batting: LHB Nicky Lopez 0-0: Swinging Strike
0-1: Ball
1-1: Ball
2-1: Ground out 6-3 (Groundball, 6, EV 88.8 MPH)
Top of the 5th over - 0 runs, 0 hits, 0 errors, 0 left on base; Kansas City 0 - New York 1
BOTTOM OF THE 5TH
New York Yankees batting - Pitching for Kansas City Royals : LHP Chris Sale
Batting: RHB Eloy Jimenez 0-0: Swinging Strike
0-1: Called Strike
0-2: Ball
1-2: Ball
2-2: Strikes out swinging
Batting: LHB Felix Pie 0-0: Foul Ball, location: 5FF
0-1: Called Strike
0-2: Ball
1-2: Strikes out swinging
Batting: LHB Tony Kemp 0-0: Swinging Strike
0-1: Ball
1-1: Fly out, F4 (Popup, 4M, EV 51.3 MPH)
Bottom of the 5th over - 0 runs, 0 hits, 0 errors, 0 left on base; Kansas City 0 - New York 1
TOP OF THE 6TH
Kansas City Royals batting - Pitching for New York Yankees : RHP Clarke Schmidt
Batting: RHB Whit Merrifield 0-0: Swinging Strike
0-1: Foul Ball, location: 25FF
0-2: Foul Ball, location: 7LMF
0-2: Ground out 4-3 (Groundball, 4, EV 103.8 MPH)
Batting: RHB Dansby Swanson 0-0: Ball
1-0: Called Strike
1-1: Ground out 5-3 (Groundball, 15, EV 85.0 MPH)
Batting: RHB Nolan Arenado 0-0: Ball
1-0: Ball
2-0: Called Strike
2-1: Ball
3-1: Fly out, F8 (Flyball, 8LM, EV 92.5 MPH)
Top of the 6th over - 0 runs, 0 hits, 0 errors, 0 left on base; Kansas City 0 - New York 1
BOTTOM OF THE 6TH
New York Yankees batting - Pitching for Kansas City Royals : LHP Chris Sale
Batting: SHB Jorge Polanco 0-0: Ball
1-0: Ball
2-0: Ball
3-0: Base on Balls
Pitching: LHP Cionel Perez
Batting: LHB Charlie Blackmon 0-0: Ball
1-0: Ball
2-0: Called Strike
2-1: Ball
3-1: Base on Balls
Jorge Polanco to second
Batting: RHB Paul Goldschmidt 0-0: Ball
1-0: Ball
2-0: Ball
3-0: Called Strike
3-1: Swinging Strike
3-2: Base on Balls
Jorge Polanco to third
Charlie Blackmon to second
Batting: RHB DJ LeMahieu 0-0: SINGLE (Line Drive, 34D, EV 71.9 MPH)
Jorge Polanco scores
Charlie Blackmon to third
Paul Goldschmidt to second
Batting: LHB Garrett Stubbs 0-0: Foul Ball, location: 7LMF
0-1: Fly out, F8 (Flyball, 78D, EV 93.1 MPH)
Throwing error, E8
Charlie Blackmon scores
Paul Goldschmidt to third
DJ LeMahieu to second
Batting: RHB Michael Helman 0-0: Ball
1-0: Ball
2-0: Called Strike
2-1: Ball
3-1: Base on Balls
Batting: RHB Eloy Jimenez 0-0: Ball
1-0: Foul Ball, location: 9LMF
1-1: Ball
2-1: Fly out, F8 (Flyball, 78M, EV 96.9 MPH)
Batting: LHB Felix Pie 0-0: Ball
1-0: Called Strike
1-1: Fly out, F7 (Flyball, 78D, EV 88.8 MPH)
Bottom of the 6th over - 2 runs, 1 hit, 1 error, 3 left on base; Kansas City 0 - New York 3
TOP OF THE 7TH
Kansas City Royals batting - Pitching for New York Yankees : RHP Clarke Schmidt
Pitching: RHP Jose Urquidy
Batting: LHB TJ Friedl 0-0: Ball
1-0: SINGLE (Flyball, 34D, EV 95.0 MPH)
Batting: LHB Luke Raley 0-0: Called Strike
0-1: Swinging Strike
0-2: Ball
1-2: Strikes out swinging
Batting: LHB Jared Walsh 0-0: Ball
1-0: Ground out 6-3 (Groundball, 4, EV 85.0 MPH)
TJ Friedl to second
Batting: RHB Sean Murphy 0-0: Ground out 6-3 (Groundball, 56, EV 103.8 MPH)
Top of the 7th over - 0 runs, 1 hit, 0 errors, 1 left on base; Kansas City 0 - New York 3
BOTTOM OF THE 7TH
New York Yankees batting - Pitching for Kansas City Royals : LHP Cionel Perez
Pitching: RHP Clay Holmes
Batting: LHB Tony Kemp 0-0: Called Strike
0-1: Foul Ball, location: 25F
0-2: Ball
1-2: Ball
2-2: Ground out 6-3 (Groundball, 6, EV 89.4 MPH)
Batting: SHB Jorge Polanco 0-0: Ball
1-0: Called Strike
1-1: Fly out, F8 (Flyball, 8RM, EV 95.0 MPH)
Batting: LHB Charlie Blackmon 0-0: Called Strike
0-1: Fly out, F8 (Flyball, 8LD, EV 104.4 MPH)
Bottom of the 7th over - 0 runs, 0 hits, 0 errors, 0 left on base; Kansas City 0 - New York 3
TOP OF THE 8TH
Kansas City Royals batting - Pitching for New York Yankees : RHP Jose Urquidy
Batting: LHB Trent Grisham 0-0: Swinging Strike
0-1: Foul Ball, location: 7LMF
0-2: Ball
1-2: SINGLE (Line Drive, 4D, EV 94.4 MPH)
Batting: LHB Nicky Lopez 0-0: Swinging Strike
0-1: Swinging Strike
0-2: Foul Ball, location: 3DF
0-2: Foul Ball, location: 5F
0-2: Ball
1-2: Foul Ball, location: 2F
1-2: Ball
2-2: Strikes out swinging
Pinch Hitting: LHB Triston Casas 0-0: Called Strike
0-1: Foul Ball, location: 3F
0-2: Ball
1-2: Ball
2-2: SINGLE (Line Drive, 9S, EV 105.6 MPH)
Trent Grisham to second
Pitching: LHP Josh Hader
Batting: RHB Dansby Swanson 0-0: Ball
1-0: Ball
2-0: Called Strike
2-1: Ball
3-1: Foul Ball, location: 9LMF
3-2: Fly out, F8 (Line Drive, 89D, EV 97.5 MPH)
Batting: RHB Nolan Arenado 0-0: Called Strike
0-1: Ball
1-1: Fly out, F7 (Line Drive, 78M, EV 99.4 MPH)
Top of the 8th over - 0 runs, 2 hits, 0 errors, 2 left on base; Kansas City 0 - New York 3
BOTTOM OF THE 8TH
New York Yankees batting - Pitching for Kansas City Royals : RHP Clay Holmes
Pitching: RHP Brad Keller
Now in RF: Randal Grichuk
Batting: RHB Paul Goldschmidt 0-0: Ball
1-0: Ball
2-0: Fly out, F8 (Line Drive, 8RM, EV 85.0 MPH)
Batting: RHB DJ LeMahieu 0-0: Foul Ball, location: 2F
0-1: Ball
1-1: DOUBLE (Line Drive, 7LS, EV 90.6 MPH)
Batting: LHB Garrett Stubbs 0-0: DOUBLE (Line Drive, 89XD, EV 103.8 MPH)
DJ LeMahieu scores
Batting: RHB Michael Helman 0-0: Ball
1-0: Ball
2-0: Ground out 6-3 (Groundball, 6, EV 83.1 MPH)
Garrett Stubbs to third
Batting: RHB Eloy Jimenez 0-0: Ball
1-0: Called Strike
1-1: Fly out, F8 (Flyball, 8LM, EV 100.0 MPH)
Bottom of the 8th over - 1 run, 2 hits, 0 errors, 1 left on base; Kansas City 0 - New York 4
TOP OF THE 9TH
Kansas City Royals batting - Pitching for New York Yankees : LHP Josh Hader
Batting: LHB TJ Friedl 0-0: Foul Ball, location: 7LDF
0-1: Ball
1-1: Called Strike
1-2: Ball
2-2: Foul Ball, location: 9LSF
2-2: Fly out, F6 (Popup, 6, EV 59.4 MPH)
Batting: LHB Luke Raley 0-0: Foul Ball, location: 9LSF
0-1: Called Strike
0-2: Strikes out swinging
Batting: LHB Jared Walsh 0-0: Ball
1-0: Swinging Strike
1-1: Swinging Strike
1-2: Ball
2-2: Strikes out looking
Top of the 9th over - 0 runs, 0 hits, 0 errors, 0 left on base; Kansas City 0 - New York 4
Tuesday, October 3rd , 2023 - OOTP Baseball 24.9 Build 80